 Dungeon Crawl Stone Soup version 0.29-a0-1016-g236c7fd91e (webtiles) character file.

Game seed: 14932806690226665021

4 Manisian the Sneak (level 1, -1/9 HPs)
             Began as a Spriggan Enchanter on Aug 9, 2022.
             Slain by a hobgoblin (3 damage)
             ... on level 1 of the Dungeon.
             The game lasted 00:00:18 (299 turns).

Manisian the Sneak (Spriggan Enchanter)              Turns: 299, Time: 00:00:18

Health: -1/9       AC:  2    Str:  4    XL:     1   Next: 58%
Magic:  5/5        EV: 17    Int: 16    God:
Gold:   4          SH:  0    Dex: 15    Spells: 5/5 levels left

rFire   . . .      SeeInvis +   a - +1 dagger
rCold   . . .      Faith    .   (no shield)
rNeg    . . .      Spirit   .   b - +0 robe
rPois   .          Reflect  .   (helmet restricted)
rElec   .          Harm     .   (no cloak)
rCorr   .          Rampage  .   (gloves unavailable)
Will    .....                   (boots unavailable)
Stlth   ++........              (no amulet)
HPRegen 0.03/turn               (no ring)
MPRegen 0.09/turn               (no ring)

@: slow
A: very small, no large weapons, unfitting armour, see invisible, speed 3
a: no special abilities


You were on level 1 of the Dungeon.
You visited 1 branch of the dungeon, and saw 1 of its levels.

You collected 4 gold pieces.

Inventory:

Hand Weapons
 a - a +1 dagger (weapon)
Armour
 b - a +0 robe (worn)
Potions
 c - 2 potions of invisibility


   Skills:
 + Level 1.1 Short Blades
 + Level 2.7 Dodging
 + Level 4.5 Stealth
 + Level 2.7 Spellcasting
 + Level 3.8 Hexes


You had 5 spell levels left.
You didn't know any spells.
Your spell library contained the following spells:

 Spells                   Type           Power      Damage    Failure   Level
 Confusing Touch          Hex            14%        N/A       12%         3
 Tukima's Dance           Hex            14%        N/A       12%         3
 Ensorcelled Hibernation  Hex/Ice        16%        N/A       13%         2
 Dazzling Flash           Conj/Hex       16%        N/A       26%         3


Dungeon Overview and Level Annotations

Branches:
Dungeon (1/15)

Altars:


Innate Abilities, Weirdness & Mutations

You are very small and have problems with some larger weapons.
You are too small for most types of armour.
You have supernaturally acute eyesight. (SInv)
You cover ground extremely quickly. (Speed+++)


Message History

You kill the bat!
The hobgoblin misses you.
You hit the hobgoblin but do no damage. The hobgoblin hits you.
Your unstable footing causes you to fumble your attack.
The hobgoblin misses you.
Your unstable footing causes you to fumble your attack.
The hobgoblin barely misses you.
You hit the hobgoblin but do no damage. The giant cockroach barely misses you.
The hobgoblin barely misses you.
Your unstable footing causes you to fumble your attack.
The giant cockroach bites you. The hobgoblin misses you.
You are too injured to fight recklessly!
You are too injured to fight recklessly!
The giant cockroach closely misses you. The hobgoblin barely misses you.
The giant cockroach misses you.
You see here a bat corpse.
Your unstable footing causes you to fumble your attack.
The giant cockroach misses you. The hobgoblin completely misses you.
Why would you want to do that? Why would you want to do that?
Why would you want to do that? Why would you want to do that?
Why would you want to do that? Why would you want to do that?
Why would you want to do that? Why would you want to do that?
You hit the hobgoblin.
The hobgoblin is lightly wounded.
The giant cockroach closely misses you. The hobgoblin hits you.
* * * LOW HITPOINT WARNING * * *
You barely miss the hobgoblin.
The hobgoblin is lightly wounded.
The giant cockroach misses you. The hobgoblin completely misses you.
You closely miss the hobgoblin.
The hobgoblin is lightly wounded.
The giant cockroach bites you but does no damage.
You hit the hobgoblin but do no damage.
The hobgoblin is lightly wounded.
The hobgoblin hits you.
You die...

~P~.~♣P# #~~ ##♣P~.~♣~#
~~~♣♣ #~~≈~.~~♣ ~~~~~~
#P♣~~~.~≈♣ ~P~~~~
♣♣♣P~~.~~♣♣....
~~~~≈≈♣♣♣ ♣♣~~~.~~♣♣....
~~~≈≈≈≈~♣♣♣~P~~.P♣~#....
~~~≈≈≈~~~≈~~~~~.~~##....
♣~≈~~≈≈@~~~≈~~~.♣###....
.......gB.........##....
♣~~~P~~~≈~~~~~~...##....
♣~~~~~~≈~≈~~≈~P~♣.......
#~~~~P~≈~≈~≈~~~P~.......
#.~♣P~~≈≈~P~~~~~########
#.#♣♣♣P~≈≈≈P~~~## #.
♣♣♣≈~~~~~## ~~P~#


You could see a giant cockroach and a hobgoblin.

Vanquished Creatures
  A dart slug (D:1)
  A bat (D:1)
  A rat (D:1)
3 creatures vanquished.

Notes
Turn   | Place    | Note
-------+----------+-------------------------------------------
     0 | D:1      | Manisian the Spriggan Enchanter began the quest for the
                  | Orb.
     0 | D:1      | Reached XP level 1. HP: 9/9 MP: 5/5
   299 | D:1      | Slain by a hobgoblin

Illustrated notes

Levels and vault maps discovered:
D:1:      eino_arrival_tree_alley, layout_basic, serial_bayou,
          serial_bayou_shore_a, serial_bayou_ford_a, serial_bayou_shore_b,
          serial_bayou_lagoon_b, basic_ecumenical_altar

Action                   || total
-------------------------++-------
Melee: Dagger            ||    24
       Punch             ||     1
Armor: Robe              ||     1
Dodge: Dodged            ||    21

Table legend: (Time is in decaauts)
 A = Elapsed time spent in this place.
 B = Non-inter-level travel time spent in this place.
 C = Inter-level travel time spent in this place.
 D = Time resting spent in this place.
 E = Time spent auto-exploring this place.
 F = Levels seen in this place.
 G = Mean time per level.
                   A        B        C        D        E       F      G
               +--------+--------+--------+--------+--------+-----+--------+
         Total |    265 |    265 |      0 |      0 |    227 |   1 |  265.0 |
       Dungeon |    265 |    265 |      0 |      0 |    227 |   1 |  265.0 |
               +--------+--------+--------+--------+--------+-----+--------+

Top non-repeatable levels by time:
     D:1: 265 daAuts
